 Dungeon Crawl Stone Soup version 0.21.1-1-g345015f (webtiles) character file.

44 inc the Ducker (level 3, 25/25 HPs)
             Began as a Felid Chaos Knight on Feb 23, 2018.
             Quit the game on level 3 of the Dungeon.
             The game lasted 00:05:02 (2386 turns).

inc the Ducker (Felid Chaos Knight)                 Turns: 2386, Time: 00:05:03

Health: 25/25      AC: 21    Str: 10    XL:     3   Next: 39%
Magic:  4/4        EV:  4    Int: 16    God:    Xom [...*..]
Gold:   84         SH:  0    Dex: 15    Spells: 2/2 levels left
                                        Lives:  0   Deaths: 1

rFire    . . .     SeeInvis +     - Unarmed
rCold    . . .     Gourm    .   (shield unavailable)
rNeg     + + +     Faith    .   (armour unavailable)
rPois    +         Spirit   .   (helmet unavailable)
rElec    .         Reflect  .   (cloak unavailable)
rCorr    .         Harm     .   (gloves unavailable)
MR       .....     NoTele   +   (boots unavailable)
Stlth    +.........             (no amulet)
HPRegen  0.08/turn              d - ring of positive energy
MPRegen  0.09/turn              j - +4 ring of strength

@: tree-form, very slightly contaminated, invisible
A: very small, no armour, no weapons or thrown items, stealth, see invisible,
carnivore, clever 1, deterioration 1, slow metabolism 1, weak 1
a: Renounce Religion


You were on level 3 of the Dungeon.
You worshipped Xom.
You were a favourite toy of Xom.
You were not hungry.
You were a tree.
You visited 1 branch of the dungeon, and saw 4 of its levels.

You collected 84 gold pieces.

Inventory:

Jewellery
 d - a ring of positive energy (left branch)
 j - a +4 ring of strength (right branch)
 k - an uncursed ring of positive energy
Scrolls
 c - 2 scrolls of enchant weapon {unknown}
 f - a scroll of blinking {unknown}
 g - a scroll of amnesia {unknown}
 l - a scroll of teleportation {unknown}
Comestibles
 a - 3 rations


   Skills:
 - Level 3.0 Fighting
 + Level 5.3 Dodging
 - Level 4.1 Unarmed Combat


You had 2 spell levels left.
You didn't know any spells.

Dungeon Overview and Level Annotations

Branches:
Dungeon (4/15)
 Temple: D:4-7

Altars:
Qazlal

Annotations:
D:2 Terence
D:3 Autsider's ghost, amateur SpVM
D:4 Menkaure


Innate Abilities, Weirdness & Mutations

You cannot wear armour.
You are incapable of wielding weapons or throwing items.
Your paws allow you to move quietly. (Stealth)
((You have sharp claws.))
((You have razor-sharp teeth.))
You have supernaturally acute eyesight. (SInv)
You are carnivorous and can eat meat at any time.
((You cover ground quickly.))
((You are covered in fur. (AC +1)))
You have a slow metabolism.
((Your sharp claws are effective at attacking unaware monsters.))
Your mind is acute. (Int +2)
((Your flesh is cold resistant. (rC+)))
Your body sometimes deteriorates upon taking damage.
You are weak. (Str -2)


Message History

The scorpion is moderately wounded.
You feel sick.
The kobold shouts!
You hear a shout!
The kobold wields a runed blowgun.
The kobold shoots a curare-tipped needle.
The curare-tipped needle barely misses you.
The scorpion stings you!
You die...
Xom titters!
You are now level 3!
Xom is amused.
You rejoin the land of the living...
It was a potion of curing.
You feel better.
It was a potion of heal wounds.
You feel much better.
It was a potion of invisibility.
You fade into invisibility!
You are very lightly contaminated with residual magic.
It was a potion of lignification.
You turn into a tree.
Your roots penetrate the ground.
Are you sure you want to abandon this character and quit the game? (Confirm with "yes".)

##.## ##.#.## #########.###[### #
.........## ##... #.
########..###.### ##.####.###
###.#.#.#### #.........#
#........... # ...#.#.#.#
#......##### .#
#......♣#####.#.#..# .. #
#.............#.#..#####
##.#.#.#.#.......###...#.†......#
>.............#..# #......)......
##.#.#.........#.# ##..#..#.###.#
.[ .........#.# #..#..#># #.#
§........###.# #.(.....# #..
..≈.(... #.####(.#..### #..
.≈.≈≈.§ .....(..#.########


There were no monsters in sight!

Vanquished Creatures
  A worker ant (D:4)
  2 adders (D:4)
  An ooze (D:1)
  A worm (D:3)
  A dart slug (D:2)
  A leopard gecko (D:1)
  3 orcs (D:3)
  5 bats
  7 goblins
  5 hobgoblins (D:1)
  2 frilled lizards
  6 kobolds
  8 rats
43 creatures vanquished.

Notes
Turn   | Place    | Note
-------+----------+-------------------------------------------
     0 | D:1      | inc the Felid Chaos Knight began the quest for the Orb.
     0 | D:1      | Reached XP level 1. HP: 10/10 MP: 2/2
    81 | D:1      | Gained mutation: Your flesh is cold resistant. (rC+) [potion of mutation]
    81 | D:1      | Gained mutation: Your mind is acute. (Int +2) [potion of mutation]
   412 | D:1      | Reached XP level 2. HP: 14/14 MP: 3/3
   717 | D:1      | XOM: butterfly on damage
   845 | D:1      | Reached XP level 3. HP: 8/17 MP: 4/4
  1277 | D:2      | Noticed Terence
  1453 | D:3      | XOM: harmless Tmut miscast
  1686 | D:3      | Reached skill level 4 in Dodging
  2021 | D:3      | Found a stormy altar of Qazlal.
  2022 | D:3      | Noticed Autsider's ghost (amateur SpVM)
  2026 | D:3      | XOM: confuse monster(s)
  2028 | D:3      | XOM: cloud trail
  2043 | D:4      | Reached XP level 4. HP: 16/21 MP: 5/5
  2068 | D:4      | Reached skill level 5 in Dodging
  2222 | D:4      | XOM: give mutations
  2222 | D:4      | Gained mutation: You are weak. (Str -2) [Xom's mischief]
  2222 | D:4      | Gained mutation: Your body sometimes deteriorates upon taking damage. [Xom's mischief]
  2222 | D:4      | Lost mutation: You are weak. (Str -2) [Xom's mischief]
  2222 | D:4      | Gained mutation: You are weak. (Str -2) [Xom's mischief]
  2356 | D:4      | Noticed Menkaure
  2380 | D:3      | XOM: 2-stop teleportation journey
  2381 | D:3      | Slain by a scorpion
  2382 | D:3      | Reached XP level 3. HP: -1/17 MP: 4/4
  2386 | D:3      | Quit the game

Skill      XL: |  1  2  3  4 |
---------------+-------------+-----
Unarmed Combat | 4 |  4.1
Dodging        | 4 5 |  5.3
Fighting       | |  3.0

Action                   |  1- 3 |  4- 6 || total
-------------------------+-------+-------++-------
Melee: Unarmed           |   108 |    31 ||   139
       Bite              |    13 |     1 ||    14
       Punch             |     2 |       ||     2
  Use: Potion            |     6 |       ||     6
 Stab: Sleeping          |     2 |     1 ||     3
  Eat: Chunk             |     1 |       ||     1
Armor: Skin              |     3 |     1 ||     4
Dodge: Dodged            |    77 |    30 ||   107
